 Dungeon Crawl Stone Soup version 0.28.0-53-g5a82cb258f (webtiles) character file.

Game seed: 13377767745839253545

204 Ashen the Grave Robber (level 5, 0/78 HPs)
             Began as an Ogre Necromancer on June 17, 2022.
             Slain by an orc wizard
             ... wielding a +0 dagger
              (3 damage)
             ... on level 4 of the Dungeon.
             The game lasted 00:06:33 (4704 turns).

Ashen the Grave Robber (Ogre Necromancer)           Turns: 4704, Time: 00:06:34

Health: 0/78       AC:  3    Str: 12    XL:     5   Next: 82%
Magic:  9/10       EV: 10    Int: 18    God:
Gold:   68         SH:  0    Dex:  9    Spells: 9/11 levels left

rFire   . . .      SeeInvis .   b - +0 whip
rCold   . . .      Faith    .   (no shield)
rNeg    . . .      Spirit   .   a - +0 robe
rPois   .          Reflect  .   (helmet restricted)
rElec   .          Harm     .   (no cloak)
rCorr   .          Rampage  .   (gloves unavailable)
Will    .....                   (boots unavailable)
Stlth   ..........              (no amulet)
HPRegen 0.23/turn               (no ring)
MPRegen 0.12/turn               (no ring)

@: confused, berserking, very quick
A: large, unfitting armour, tough skin 1
a: no special abilities


You were on level 4 of the Dungeon.
You visited 1 branch of the dungeon, and saw 4 of its levels.

You collected 211 gold pieces.
You spent 143 gold pieces at shops.

Inventory:

Hand Weapons
 b - a +0 whip (weapon)
Armour
 a - a +0 robe (worn)
Jewellery
 e - a ring of willpower
 q - a +6 ring of strength
Scrolls
 k - 2 scrolls of identify
 n - a scroll of teleportation {unknown}
 p - a scroll of magic mapping {unknown}
Potions
 c - 3 potions of curing
 d - a potion of resistance {unknown}
 g - 2 potions of heal wounds {unknown}
 h - 2 potions of lignification
 i - a potion of brilliance
 j - a potion of mutation {unknown}
 l - a potion of degeneration {unknown}
 m - a potion of ambrosia {unknown}
 o - 2 potions of haste {unknown}


   Skills:
 + Level 2.9 Fighting
 + Level 2.7 Dodging
 + Level 2.4 Stealth
 + Level 3.5 Spellcasting
 + Level 4.2 Necromancy


You had 9 spell levels left.
You knew the following spells:

 Your Spells              Type           Power      Damage    Failure   Level
a - Pain                  Necr           72%        1d7       2%          1
b - Animate Skeleton      Necr           36%        N/A       2%          1

Your spell library contained the following spells:

 Spells                   Type           Power      Damage    Failure   Level
 Vampiric Draining        Necr           18%        2d7       8%          3
 Scorch                   Fire           6%         2d5       24%         2
 Animate Dead             Necr           9%         N/A       26%         4
 Agony                    Necr           18%        N/A       58%         5
 Flame Wave               Conj/Fire      3%         2d4       83%         4
 Manifold Assault         Tloc           3%         N/A       99%         5
 Starburst                Conj/Fire      1%         6d3       100%        6
 Summon Cactus Giant      Summ           1%         N/A       100%        6
 Disjunction              Tloc           1%         N/A       100%        8


Dungeon Overview and Level Annotations

Branches:
Dungeon (4/15)
 Temple: D:4-7

Altars:
Cheibriados
Ru
Wu Jian
Xom
The Shining One

Shops:
D:1 =((![


Innate Abilities, Weirdness & Mutations

You are too large for most types of armour.
You have tough skin. (AC +1)


Message History

Something tries to affect you, but you resist.
You hear some strange, mumbled words.
You are more confused.
The orc wizard casts a spell at you.
You are more confused.
Something completely misses you.
You hit the orc.
The orc is almost dead.
The orc misses you. The orc hits you with a +0 short sword. Something hits you.
The orc hits you with a +0 short sword.
You closely miss something. The orc hits you with a +0 short sword.
Something hits you but does no damage. The orc barely misses you.
The orc wizard gestures wildly while chanting.
The orc wizard flickers and vanishes!
Something hits you. The orc hits you with a +0 short sword.
You completely miss something. The orc barely misses you.
Something hits you but does no damage. Something hits you.
The orc closely misses you. The orc hits you with a +0 short sword.
You bump into the rock wall.
Something hits you. x2
The orc hits you with a +0 short sword. The orc hits you but does no damage.
You miss something. Something hits you.
* * * LOW HITPOINT WARNING * * *
Something hits you.
* * * LOW HITPOINT WARNING * * *
The orc barely misses you. Something hits you.
* * * LOW HITPOINT WARNING * * *
The orc hits you but does no damage.
You're too confused to cast spells.
You are too confused!
Really quaff the potion of lignification?
Okay, then.
It was a potion of berserk rage.
A red film seems to cover your vision as you go berserk!
You feel yourself moving faster!
You feel mighty!
You hear some strange, mumbled words.
A puff of flame appears from out of thin air!
The puff of flame hits you!
* * * LOW HITPOINT WARNING * * *
Something hits you.
You die...

#######..........###
...#..#..........#
o..'..#..........#
####'##..........#
.................#
.................#
.................#
...............o{#
...............o@#
#+##########...{##
#....#....#
#.(..#....#
#....'....#
######....# ######


You could see 2 orcs.

Vanquished Creatures
  A scorpion (D:4)
  A hound (D:4)
  An iguana (D:3)
  A hound skeleton (D:4)
  2 adders (D:3)
  2 dart slugs
  2 orcs (D:3)
  6 bats
  6 endoplasms
  7 hobgoblins
  4 quokkas
  5 ball pythons
  4 goblins
  2 kobolds
  4 rats
  A spectral goblin (D:1)
49 creatures vanquished.

Vanquished Creatures (others)
  A plant (D:1)
  5 toadstools (D:2)
6 creatures vanquished.

Grand Total: 55 creatures vanquished

Notes
Turn   | Place    | Note
-------+----------+-------------------------------------------
     0 | D:1      | Ashen the Ogre Necromancer began the quest for the Orb.
     0 | D:1      | Reached XP level 1. HP: 16/16 MP: 3/3
   142 | D:1      | Found Apnuah's Armour Emporium.
   152 | D:1      | Learned a level 1 spell: Animate Skeleton
   205 | D:1      | Found Qount's Distillery.
   282 | D:1      | Found Ciatyes's Weapon Emporium.
   464 | D:1      | You fall into a shaft and drop 1 floor!
   680 | D:2      | Reached XP level 2. HP: 25/26 MP: 3/5
  1215 | D:2      | Reached skill level 1 in Fighting
  1644 | D:1      | Bought a potion of lignification for 33 gold pieces
  1644 | D:1      | Bought a potion of lignification for 33 gold pieces
  1644 | D:1      | Bought a potion of brilliance for 44 gold pieces
  1644 | D:1      | Bought a potion of curing for 33 gold pieces
  1711 | D:1      | Found a faded altar of an unknown god.
  1729 | D:1      | Found Pinyic's Weapon Shop.
  1829 | D:1      | Found Piwun's Jewellery Shoppe.
  2067 | D:1      | Reached XP level 3. HP: 29/33 MP: 1/7
  2074 | D:1      | Got the Tome of Heat and Dislocation
  3524 | D:3      | Reached XP level 4. HP: 38/42 MP: 3/8
  3540 | D:3      | Reached skill level 4 in Necromancy
  3796 | D:3      | Found a sacrificial altar of Ru.
  3978 | D:3      | Found a glowing golden altar of the Shining One.
  3979 | D:3      | Found a snail-covered altar of Cheibriados.
  3980 | D:3      | Found a shimmering altar of Xom.
  3980 | D:3      | Found an ornate altar of the Wu Jian Council.
  4355 | D:4      | Noticed a scorpion
  4366 | D:4      | Reached XP level 5. HP: 40/50 MP: 5/10
  4704 | D:4      | HP: 3/78 [something/puff of flame (11)]
  4704 | D:4      | Slain by an orc wizard

Illustrated notes

Levels and vault maps discovered:
D:1:      dpeg_cavernosity, layout_loops_ring,
          dreamdust_ecumenical_altar_drowned_temple, serial_shops,
          nicolae_shop_advertising_works [nicolae_subvault_shop_adworks], shop,
          nicolae_shop_bloodbath_and_beyond, nicolae_shop_statue_plus, shop,
          minmay_misc_feat_rows, minmay_shallow_snake_nest
D:2:      layout_basic, minmay_gold_behind_fungi, chequers_avenue,
          feat_on_display
D:3:      wad_crossroads, layout_basic, nicolae_ru_sacrificial_ziggurat,
          mainiacjoe_overflow_alcove_3, hex_tiny
D:4:      layout_gridville, kennysheep_nub, chequers_big_river

Skill      XL: |  1  2  3  4 |
---------------+-------------+-----
Dodging        | 2 |  2.7
Fighting       | 1 2 |  2.9
Spellcasting   | 3 |  3.5
Stealth        | 2 |  2.4
Necromancy     | 4 |  4.2

Action                   |  1- 3 |  4- 6 || total
-------------------------+-------+-------++-------
Melee: Whip              |    28 |    22 ||    50
 Cast: Pain              |    68 |    29 ||    97
       Animate Skeleton  |    10 |     1 ||    11
  Use: Scroll            |     1 |       ||     1
       Potion            |       |     2 ||     2
 Stab: Sleeping          |     2 |       ||     2
Armor: Robe              |    15 |    13 ||    28
Dodge: Dodged            |    23 |    22 ||    45
